[Event "ICC Open 2015"]
[Site "Internet Chess Club"]
[Date "2015.05.30"]
[Round "5"]
[White "ayyadov"]
[Black "MadMad"]
[Result "1-0"]
[ICCResult "Black resigns"]
[WhiteElo "2107"]
[BlackElo "1521"]
[Opening "King's Indian: 6.Be2"]
[ECO "E91"]
[NIC "KI.19"]
[Time "19:41:41"]
[TimeControl "180+0"]

1. d4 Nf6 2. Nf3 g6 3. c4 Bg7 4. Nc3 O-O 5. e4 d6 6. Be2 c5 7. O-O cxd4 8.
Nxd4 Nc6 9. Be3 Nxd4 10. Bxd4 b6 11. Bf3 Bb7 12. Qd2 Nd7 13. Bxg7 Kxg7 14.
g3 Kg8 15. Bg2 Ne5 16. b3 Qd7 17. f4 Nc6 18. e5 Rfd8 19. Rad1 Rab8 20. Rfe1
Qc7 21. e6 f6 22. Nd5 {Black resigns} 1-0

[Event "ICC Open 2015"]
[Site "Internet Chess Club"]
[Date "2015.05.30"]
[Round "5"]
[White "dadgumit"]
[Black "MasterZachary"]
[Result "0-1"]
[ICCResult "White resigns"]
[WhiteElo "1216"]
[BlackElo "2199"]
[Opening "KP: Indian opening"]
[ECO "C20"]
[NIC "KP.10"]
[Time "19:41:41"]
[TimeControl "180+0"]

1. e4 e5 2. d3 Nc6 3. c3 Nf6 4. f4 d6 5. f5 Be7 6. Nf3 O-O 7. Be2 d5 8. exd5
Nxd5 9. Na3 Bxa3 10. bxa3 Nxc3 11. Qc2 Nxe2 12. Qxe2 Bxf5 13. O-O Bxd3 14.
Qe3 Bxf1 15. Kxf1 Nd4 16. Qxe5 Nxf3 17. gxf3 Re8 18. Qg3 Qd1+ 19. Kg2 Re2+
20. Kh3 Qf1+ 21. Kg4 Rg2 {White resigns} 0-1

[Event "ICC Open 2015"]
[Site "Internet Chess Club"]
[Date "2015.05.30"]
[Round "5"]
[White "ErnestoRondon"]
[Black "eddington"]
[Result "0-1"]
[ICCResult "White resigns"]
[WhiteElo "1871"]
[BlackElo "2178"]
[Opening "Scotch: Göring gambit"]
[ECO "C44"]
[NIC "SO.06"]
[Time "19:41:52"]
[TimeControl "180+0"]

1. e4 e5 2. Nf3 Nc6 3. d4 exd4 4. c3 Nf6 5. e5 Ne4 6. cxd4 Bb4+ 7. Nbd2 d5
8. Bd3 O-O 9. O-O Nxd2 10. Bxd2 Bxd2 11. Qxd2 Bg4 12. Qf4 Bxf3 13. gxf3 f6
14. Qe3 fxe5 15. dxe5 Qh4 16. Rae1 Rae8 17. e6 Nd4 18. Kh1 Nxf3 19. Qe5 Nxe5
{White resigns}
0-1

[Event "ICC Open 2015"]
[Site "Internet Chess Club"]
[Date "2015.05.30"]
[Round "5"]
[White "LMLLM"]
[Black "Ira57"]
[Result "0-1"]
[ICCResult "White resigns"]
[WhiteElo "2336"]
[BlackElo "1944"]
[Opening "Benko's opening"]
[ECO "A00"]
[NIC "VO.09"]
[Time "19:42:28"]
[TimeControl "180+0"]

1. g3 e6 2. Nf3 d5 3. Bg2 Nf6 4. O-O Be7 5. d3 b6 6. Nbd2 Bb7 7. Re1 O-O 8.
e4 dxe4 9. Ng5 Nbd7 10. Ndxe4 Nxe4 11. Nxe4 Qc8 12. Qf3 Nc5 13. Qh5 Nxe4 14.
Bxe4 Bxe4 15. Rxe4 g6 16. Qh6 Bf6 17. Bd2 Bg7 18. Qh3 e5 19. Bc3 Qxh3 20.
Rh4 Qe6 {White resigns} 0-1

[Event "ICC Open 2015"]
[Site "Internet Chess Club"]
[Date "2015.05.30"]
[Round "5"]
[White "klodshans"]
[Black "FytinFrank"]
[Result "0-1"]
[ICCResult "White checkmated"]
[WhiteElo "1672"]
[BlackElo "2051"]
[Opening "Queen's pawn"]
[ECO "A40"]
[NIC "QO.17"]
[Time "19:42:00"]
[TimeControl "180+0"]

1. d4 c6 2. Bf4 f5 3. e3 Nf6 4. Nd2 e6 5. Ngf3 d5 6. c3 Bd6 7. Ne5 O-O 8.
Ndf3 c5 9. Be2 Nc6 10. h3 Ne4 11. O-O g5 12. Bh2 h5 13. Nxc6 bxc6 14. Bxd6
Qxd6 15. dxc5 Qxc5 16. Nd4 g4 17. hxg4 hxg4 18. Bxg4 fxg4 19. Qxg4+ Kf7 20.
Qh5+ Ke7 21. Qh7+ Rf7 22. Qh4+ Nf6 23. Nf3 Qd6 24. c4 e5 25. cxd5 cxd5 26.
a3 Ba6 27. Rfc1 Rg8 28. Qb4 Rfg7 29. Qxd6+ Kxd6 30. g3 Ne4 31. Nh4 Nxg3 32.
fxg3 Rxg3+ 33. Kf2 Rh3 34. Nf5+ Ke6 35. Rc6+ Kxf5 36. Rxa6 Rh2+ 37. Kf3 e4#
{White checkmated}
0-1

[Event "ICC Open 2015"]
[Site "Internet Chess Club"]
[Date "2015.05.30"]
[Round "5"]
[White "Hareaum"]
[Black "nurmi"]
[Result "1/2-1/2"]
[ICCResult "Game drawn by repetition"]
[WhiteElo "1783"]
[BlackElo "2194"]
[Opening "Queen's Pawn"]
[ECO "A41"]
[NIC "QO.17"]
[Time "19:41:48"]
[TimeControl "180+0"]

1. d4 d6 2. Nf3 g6 3. Bf4 Bg7 4. c3 Nd7 5. h3 c6 6. e3 Ngf6 7. Bc4 O-O 8.
Nbd2 e5 9. dxe5 dxe5 10. Nxe5 Nh5 11. Nxd7 Nxf4 12. Nxf8 Nxg2+ 13. Kf1 Nh4
14. Nxh7 Kxh7 15. Bxf7 Qd3+ 16. Qe2 Qf5 17. Bc4 Qg5 18. f4 Qf6 19. Nf3 Nf5
20. Ng5+ Kh8 21. Nf7+ Kh7 22. Ng5+ Kh8 23. Nf7+ Kh7 24. Ng5+ Kh6 25. Nf7+
Kh7 26. Ng5+ {Game drawn by repetition} 1/2-1/2

[Event "ICC Open 2015"]
[Site "Internet Chess Club"]
[Date "2015.05.30"]
[Round "5"]
[White "SJW"]
[Black "HPG1947"]
[Result "0-1"]
[ICCResult "White resigns"]
[WhiteElo "1431"]
[BlackElo "1760"]
[Opening "Old Benoni defense"]
[ECO "A44"]
[NIC "OI.09"]
[Time "19:42:07"]
[TimeControl "180+0"]

1. d4 c5 2. d5 e5 3. c4 d6 4. e4 Be7 5. Nf3 Nf6 6. Bd3 Nbd7 7. O-O Nf8 8.
Nc3 Ng6 9. h3 a6 10. Rb1 O-O 11. a3 Bd7 12. b4 b6 13. Bd2 Qc8 14. Na4 Bd8
15. bxc5 bxc5 16. Qb3 Bxh3 17. gxh3 Qxh3 18. Be2 Ng4 19. Rfd1 Nh4 20. Bf1
Nxf3+ {White resigns} 0-1

[Event "ICC Open 2015"]
[Site "Internet Chess Club"]
[Date "2015.05.30"]
[Round "5"]
[White "chesstempo2"]
[Black "LittlePeasant"]
[Result "0-1"]
[ICCResult "White resigns"]
[WhiteElo "2053"]
[BlackElo "2762"]
[Opening "Nimzovich-Larsen attack: English variation"]
[ECO "A01"]
[NIC "VO.08"]
[Time "19:41:31"]
[TimeControl "180+0"]

1. b3 c5 2. Bb2 Nc6 3. g3 d6 4. Bg2 e5 5. e3 g6 6. Ne2 Bg7 7. d3 f5 8. Nd2
Nf6 9. h3 O-O 10. a3 Be6 11. O-O Qd7 12. e4 Rae8 13. h4 d5 14. exd5 Nxd5 15.
Nc3 Nc7 16. Nc4 b5 17. Nd2 Nd4 18. Ne2 Nd5 19. Nxd4 cxd4 20. Re1 Rc8 21. Nf3
Qd6 22. Ng5 Bd7 23. Qf3 Bc6 24. Qd1 h6 25. Nf3 Bd7 26. Nd2 Be6 27. Nf3 Bf7
28. Re2 Rc7 29. Qe1 Re7 30. Nxd4 a6 31. Nf3 Rfe8 32. Qd2 e4 33. dxe4 Bxb2
34. Rb1 Bc3 35. Qxh6 Bg7 36. Qd2 Qxa3 37. Ng5 Nc3 38. Rbe1 Nxe2+ 39. Rxe2
Qc5 40. Nxf7 Rxf7 41. Kh2 fxe4 42. Bxe4 Rxe4 43. Rxe4 Rxf2+ 44. Kh3 Rxd2 45.
Re8+ Kf7 46. Rb8 Qf5+ {White resigns} 0-1

[Event "ICC Open 2015"]
[Site "Internet Chess Club"]
[Date "2015.05.30"]
[Round "5"]
[White "RafaNadal"]
[Black "guchess"]
[Result "1-0"]
[ICCResult "Black resigns"]
[WhiteElo "2827"]
[BlackElo "2299"]
[Opening "Sicilian defense"]
[ECO "B40"]
[NIC "SI.43"]
[Time "19:41:48"]
[TimeControl "180+0"]

1. e4 c5 2. Nf3 e6 3. c3 d6 4. d4 Nd7 5. Bd3 a6 6. O-O b5 7. a4 c4 8. Bc2
Bb7 9. Nbd2 Qc7 10. Re1 Ngf6 11. Nf1 Be7 12. Ng3 g6 13. Bh6 Bf8 14. Qd2 e5
15. axb5 axb5 16. Rxa8+ Bxa8 17. Ra1 Bb7 18. h3 Rg8 19. Bxf8 Kxf8 20. Qh6+
Ke8 21. dxe5 Nxe5 22. Nd4 Bc6 23. Qf4 Nfd7 24. Nxc6 Qxc6 25. Ra7 Kf8 26.
Qh6+ Ke8 27. Ne2 Ke7 28. Qh4+ f6 29. Qxh7+ Kf8 30. Nd4 {Black resigns} 1-0

[Event "ICC Open 2015"]
[Site "Internet Chess Club"]
[Date "2015.05.30"]
[Round "5"]
[White "mvillalba"]
[Black "leonardoalmeida"]
[Result "1-0"]
[ICCResult "Black resigns"]
[WhiteElo "2220"]
[BlackElo "1873"]
[Opening "Scandinavian (center counter) defense"]
[ECO "B01"]
[NIC "SD.01"]
[Time "19:42:32"]
[TimeControl "180+0"]

1. e4 d5 2. exd5 Qxd5 3. Nc3 Qa5 4. Nf3 c6 5. d4 Bg4 6. h3 Bxf3 7. Qxf3 e6
8. Bd3 Nf6 9. O-O Nbd7 10. Bf4 Qb4 11. Ne4 Qxd4 12. Rfd1 Nxe4 13. Bxe4 Qxb2
14. Rab1 Qf6 15. Rxb7 Rc8 16. Rdxd7 Bc5 17. Rxf7 Qxf7 18. Rxf7 Kxf7 19. Bd6+
{Black resigns}
1-0

[Event "ICC Open 2015"]
[Site "Internet Chess Club"]
[Date "2015.05.30"]
[Round "5"]
[White "raja2015"]
[Black "El-Flippo"]
[Result "0-1"]
[ICCResult "White resigns"]
[WhiteElo "1324"]
[BlackElo "1396"]
[Opening "Queen's pawn game"]
[ECO "A46"]
[NIC "QP.06"]
[Time "19:42:37"]
[TimeControl "180+0"]

1. d4 Nf6 2. Nf3 d6 3. e3 g6 4. Be2 Bg7 5. O-O O-O 6. Nbd2 Nc6 7. c3 e5 8.
dxe5 dxe5 9. e4 Qe7 10. Qc2 Re8 11. Nb3 Bg4 12. Be3 Bxf3 13. Bxf3 Rad8 14.
Rad1 b6 15. Rxd8 Rxd8 16. Rd1 Rxd1+ 17. Qxd1 a5 18. Nc1 h6 19. Ne2 Qd7 20.
Qxd7 Nxd7 21. h3 Nc5 22. Bd4 exd4 23. cxd4 Nd3 24. d5 Nce5 25. Nd4 Nxf3+ 26.
gxf3 Nf4 27. Kh2 Bxd4 28. Kg3 Ne2+ {White resigns} 0-1

[Event "ICC Open 2015"]
[Site "Internet Chess Club"]
[Date "2015.05.30"]
[Round "5"]
[White "Modemo"]
[Black "DarkThrone"]
[Result "0-1"]
[ICCResult "White resigns"]
[WhiteElo "2081"]
[BlackElo "2448"]
[Opening "English: four knights, 4.e3"]
[ECO "A28"]
[NIC "EO.05"]
[Time "19:42:23"]
[TimeControl "180+0"]

1. c4 e5 2. Nc3 Nf6 3. Nf3 Nc6 4. e3 Bb4 5. Nd5 O-O 6. Nxb4 Nxb4 7. Nxe5 d5
8. a3 Nc6 9. Nxc6 bxc6 10. d4 Ne4 11. Bd3 Qg5 12. Bxe4 dxe4 13. g3 Bg4 14.
Qa4 Bf3 15. Rg1 c5 16. Qa5 Rfd8 17. Bd2 Qh5 18. h4 Qf5 19. g4 Qf6 20. Qxc5
Qxh4 21. Qxc7 Rac8 22. Qg3 Qf6 23. c5 Qa6 {White resigns} 0-1

[Event "ICC Open 2015"]
[Site "Internet Chess Club"]
[Date "2015.05.30"]
[Round "5"]
[White "eltigrecu"]
[Black "jps7"]
[Result "1-0"]
[ICCResult "Black checkmated"]
[WhiteElo "2020"]
[BlackElo "1621"]
[Opening "Levitsky attack (Queen's bishop attack)"]
[ECO "D00"]
[NIC "QP.08"]
[Time "19:41:32"]
[TimeControl "180+0"]

1. d4 d5 2. Bg5 Nf6 3. Bxf6 gxf6 4. c3 e5 5. Nd2 Bf5 6. e3 Be7 7. dxe5 fxe5
8. Qh5 Bg6 9. Qxe5 Nc6 10. Qxh8+ Bf8 11. Bb5 Qe7 12. Ngf3 O-O-O 13. Bxc6
bxc6 14. Qd4 Kb7 15. Qa4 Bd3 16. Nb3 Bb5 17. Qd4 c5 18. Qh4 Qxh4 19. Nxh4
Be7 20. Nf5 Bf6 21. Nxc5+ Kc6 22. Nb3 Re8 23. Nbd4+ Kb6 24. Nxb5 Kxb5 25.
O-O-O c6 26. Nd6+ Kc5 27. Nxe8 Be7 28. Ng7 Bf6 29. Nf5 Kb6 30. Rhe1 Kc7 31.
e4 Bg5+ 32. Kb1 dxe4 33. Rxe4 f6 34. Re7+ Kb6 35. Rdd7 a5 36. a4 h5 37. b4
axb4 38. cxb4 h4 39. Rb7+ Ka6 40. Ra7+ Kb6 41. Reb7# {Black checkmated} 1-0

[Event "ICC Open 2015"]
[Site "Internet Chess Club"]
[Date "2015.05.30"]
[Round "5"]
[White "NachoAverageKid"]
[Black "jmkchess"]
[Result "1-0"]
[ICCResult "Black resigns"]
[WhiteElo "2203"]
[BlackElo "1852"]
[Opening "Sicilian: closed, 2...Nc6"]
[ECO "B23"]
[NIC "SI.44"]
[Time "19:42:03"]
[TimeControl "180+0"]

1. e4 c5 2. Nc3 Nc6 3. Bb5 g6 4. Bxc6 dxc6 5. d3 Bg7 6. Be3 b6 7. Qd2 e5 8.
Nge2 Nf6 9. Bh6 O-O 10. O-O Nd7 11. Bxg7 Kxg7 12. f4 Ba6 13. f5 f6 14. Rf3
g5 15. Ng3 Qe8 16. Rf2 h5 17. Nf1 Rd8 18. Ne3 Rh8 19. g3 c4 20. dxc4 Nc5 21.
Qe2 Qe7 22. b3 Nd7 23. Rd1 Bb7 24. Rff1 Nc5 25. Rxd8 Rxd8 26. Qxh5 Qf7 27.
Qxf7+ Kxf7 28. Rd1 Rxd1+ 29. Nexd1 Na6 30. a3 c5 31. Kf2 Nc7 32. Ke3 a6 33.
Nd5 Nxd5+ 34. cxd5 Ke7 35. b4 c4 36. Nb2 b5 37. Nd1 Kf7 38. h4 Kg7 39. hxg5
fxg5 40. Kf3 Kf6 41. Kg4 Bc8 42. Ne3 Bd7 43. d6 Be8 44. Nd5+ Kf7 45. Kxg5
{Black resigns}
1-0

[Event "ICC Open 2015"]
[Site "Internet Chess Club"]
[Date "2015.05.30"]
[Round "5"]
[White "DropZone"]
[Black "clarinetist"]
[Result "1-0"]
[ICCResult "Black resigns"]
[WhiteElo "2022"]
[BlackElo "1637"]
[Opening "Queen's bishop game"]
[ECO "D02"]
[NIC "QP.08"]
[Time "19:42:07"]
[TimeControl "180+0"]

1. d4 d5 2. Nf3 Nf6 3. Bf4 c5 4. e3 Nc6 5. c3 e6 6. h3 Qb6 7. Qb3 c4 8. Qc2
Be7 9. b3 cxb3 10. axb3 O-O 11. Bd3 h6 12. O-O a6 13. Nbd2 Rd8 14. Rfe1 Bf8
15. e4 Ne7 16. e5 Nh5 17. Bh2 f5 18. g4 {Black resigns} 1-0

[Event "ICC Open 2015"]
[Site "Internet Chess Club"]
[Date "2015.05.30"]
[Round "5"]
[White "PedroRomero2"]
[Black "jjosu"]
[Result "1-0"]
[ICCResult "Black resigns"]
[WhiteElo "2292"]
[BlackElo "2186"]
[Opening "King's Indian: orthodox, Aronin-Taimanov variation (Yugoslav attack / Mar del Plata variation)"]
[ECO "E97"]
[NIC "KI.15"]
[Time "19:41:40"]
[TimeControl "180+0"]

1. d4 Nf6 2. c4 g6 3. Nc3 Bg7 4. e4 d6 5. Nf3 O-O 6. Be2 e5 7. O-O Nc6 8.
dxe5 dxe5 9. Bg5 Qe8 10. Nd5 Nxd5 11. cxd5 Nd4 12. Nxd4 exd4 13. Bd3 c6 14.
d6 Qe5 15. Be7 Re8 16. f4 Qa5 17. f5 Bd7 18. Qb3 gxf5 19. Qxb7 fxe4 20. Bxe4
Qe5 21. Rae1 Bh6 22. Qxd7 Be3+ 23. Rxe3 dxe3 24. Qg4+ Qg7 25. Qxg7+ Kxg7 26.
Bxc6 Rac8 27. Bxe8 Rd8 {Black resigns} 1-0

[Event "ICC Open 2015"]
[Site "Internet Chess Club"]
[Date "2015.05.30"]
[Round "5"]
[White "Caminator"]
[Black "ALexiz"]
[Result "1-0"]
[ICCResult "Black resigns"]
[WhiteElo "2133"]
[BlackElo "1804"]
[Opening "English opening"]
[ECO "A20"]
[NIC "EO.24"]
[Time "19:41:59"]
[TimeControl "180+0"]

1. c4 e5 2. g3 Nc6 3. Bg2 f5 4. Nc3 Nf6 5. e3 Bb4 6. Nge2 Bxc3 7. Nxc3 d6 8.
O-O O-O 9. d4 e4 10. f3 Re8 11. fxe4 fxe4 12. a3 Bg4 13. Qc2 Qe7 14. Nd5
Nxd5 15. cxd5 Nd8 16. Rf4 Bf3 17. Bxf3 exf3 18. Rxf3 Nf7 19. h4 Nh6 20. Bd2
Rac8 21. Re1 Qe4 22. Qxe4 Rxe4 23. Rf4 Rce8 24. Rxe4 Rxe4 25. Kg2 Re7 26. e4
Nf7 27. Kf3 h6 28. Bb4 Re8 29. Bc3 Nd8 30. e5 b6 31. exd6 Rxe1 32. dxc7
{Black resigns}
1-0

[Event "ICC Open 2015"]
[Site "Internet Chess Club"]
[Date "2015.05.30"]
[Round "5"]
[White "fito"]
[Black "geographywhiz"]
[Result "1-0"]
[ICCResult "Black resigns"]
[WhiteElo "2354"]
[BlackElo "1954"]
[Opening "Scotch game"]
[ECO "C45"]
[NIC "SO.05"]
[Time "19:42:28"]
[TimeControl "180+0"]

1. e4 e5 2. Nf3 Nc6 3. d4 exd4 4. Nxd4 Bc5 5. Nxc6 Qf6 6. Qd2 bxc6 7. Nc3
Ne7 8. Bd3 d5 9. O-O O-O 10. Qf4 Bd4 11. Qxc7 Be5 12. Qa5 Qh4 13. g3 Qh5 14.
exd5 cxd5 15. Nxd5 Nxd5 16. Qxd5 Re8 17. Qxa8 {Black resigns} 1-0

[Event "ICC Open 2015"]
[Site "Internet Chess Club"]
[Date "2015.05.30"]
[Round "5"]
[White "EREBUNI"]
[Black "Garpun"]
[Result "1-0"]
[ICCResult "Black checkmated"]
[WhiteElo "3036"]
[BlackElo "2731"]
[Opening "Scandinavian: Pytel-Wade variation"]
[ECO "B01"]
[NIC "SD.02"]
[Time "19:42:49"]
[TimeControl "180+0"]

1. e4 d5 2. exd5 Qxd5 3. Nc3 Qd6 4. Nf3 Nf6 5. d4 Bg4 6. Be2 c6 7. Be3 e6 8.
Qd2 Nbd7 9. O-O-O Qc7 10. h3 Bh5 11. g4 Bg6 12. Ne5 O-O-O 13. Nc4 Nd5 14.
Nxd5 cxd5 15. Bf4 Qc6 16. Na5 Qa4 17. Qc3+ Nc5 18. Nb3 Qxa2 19. Nxc5 Bxc5
20. Qxc5+ Kd7 21. Bb5# {Black checkmated} 1-0

[Event "ICC Open 2015"]
[Site "Internet Chess Club"]
[Date "2015.05.30"]
[Round "5"]
[White "zelog"]
[Black "ghorok"]
[Result "1-0"]
[ICCResult "Black resigns"]
[WhiteElo "2072"]
[BlackElo "1733"]
[Opening "English opening"]
[ECO "A13"]
[NIC "RE.11"]
[Time "19:41:49"]
[TimeControl "180+0"]

1. c4 e6 2. g3 d5 3. Bg2 Nf6 4. Nf3 b6 5. O-O Bb7 6. b3 Be7 7. Bb2 O-O 8. d4
Nbd7 9. Nbd2 c5 10. Rc1 Rc8 11. dxc5 Nxc5 12. cxd5 Nxd5 13. Nc4 Bf6 14. Bxf6
Nxf6 15. Nd6 Rc7 16. Nxb7 Rxb7 17. Qxd8 Rxd8 18. Ne5 Rbb8 19. Nc6 Rbc8 20.
Nxd8 Rxd8 21. Rfd1 Rxd1+ 22. Rxd1 Kf8 23. Rd8+ Ke7 24. Ra8 a6 25. b4 Ncd7
26. Rxa6 Nd5 27. Bxd5 exd5 28. a4 Kd6 29. a5 Kc6 30. axb6 Nxb6 31. Ra7 Nd7
32. b5+ Kd6 33. Kg2 g5 34. g4 h6 35. h3 Ne5 36. Ra6+ Kc5 37. Rxh6 Kxb5 38.
Rf6 Kc5 39. Rf5 Kd6 40. Rxg5 f6 41. Rf5 Ke6 42. f3 d4 43. h4 d3 44. exd3
Nxd3 45. Ra5 Nf4+ 46. Kg3 Ng6 47. h5 Ne5 48. f4 Nf7 49. Ra6+ Ke7 50. Ra7+
Ke6 51. Kh4 Nh6 52. Ra6+ Kf7 53. g5 fxg5+ 54. Kxg5 Nf5 55. Kxf5 {Black
resigns} 1-0

[Event "ICC Open 2015"]
[Site "Internet Chess Club"]
[Date "2015.05.30"]
[Round "5"]
[White "kurka56"]
[Black "bugeyes"]
[Result "1-0"]
[ICCResult "Black forfeits on time"]
[WhiteElo "1801"]
[BlackElo "1101"]
[Opening "Queen's pawn game, Darooha variation "]
[ECO "D02"]
[NIC "QP.08"]
[Time "19:41:42"]
[TimeControl "180+0"]

1. d4 d5 2. Nf3 Nf6 3. Nc3 c5 4. Bf4 e6 5. e3 cxd4 6. exd4 Bd6 7. Bg3 Qc7 8.
Be2 O-O 9. O-O Bxg3 10. hxg3 Ne4 11. Nxe4 dxe4 12. Ne5 f6 13. Nc4 Rd8 14. c3
Nc6 15. Ne3 e5 16. Qb3+ Kh8 17. d5 Ne7 18. c4 {Black forfeits on time} 1-0

[Event "ICC Open 2015"]
[Site "Internet Chess Club"]
[Date "2015.05.30"]
[Round "5"]
[White "Glamurius"]
[Black "Parsifal"]
[Result "1-0"]
[ICCResult "Black resigns"]
[WhiteElo "2976"]
[BlackElo "2432"]
[Opening "Nimzo-Indian: three knights variation"]
[ECO "E21"]
[NIC "NI.28"]
[Time "19:41:58"]
[TimeControl "180+0"]

1. d4 e6 2. c4 Nf6 3. Nc3 Bb4 4. Nf3 c5 5. g3 cxd4 6. Nxd4 Ne4 7. Qc2 Bxc3+
8. bxc3 Nc5 9. Bg2 Nba6 10. Bf4 Qe7 11. Rd1 O-O 12. Nb5 e5 13. Bc1 d6 14.
Rxd6 Be6 15. Bd5 Rfd8 16. Rxd8+ Rxd8 17. Nxa7 Bxd5 18. cxd5 Rxd5 19. O-O Qd7
20. c4 Rd4 21. Nb5 Nb4 22. Qc3 Nxa2 23. Qa3 Rxc4 24. Qa8+ {Black resigns}
1-0

[Event "ICC Open 2015"]
[Site "Internet Chess Club"]
[Date "2015.05.30"]
[Round "5"]
[White "bigali"]
[Black "boobytrap"]
[Result "0-1"]
[ICCResult "White resigns"]
[WhiteElo "1651"]
[BlackElo "1946"]
[Opening "Sicilian"]
[ECO "B56"]
[NIC "SI.25"]
[Time "19:42:35"]
[TimeControl "180+0"]

1. e4 c5 2. Nf3 d6 3. d4 cxd4 4. Nxd4 Nf6 5. Nc3 Nc6 6. f3 e5 7. Nb3 Be7 8.
Be3 O-O 9. Qd2 a5 10. a4 Nb4 11. Be2 Be6 12. O-O d5 13. exd5 Nfxd5 14. Nxd5
Nxd5 15. Rfd1 Nxe3 16. Qxe3 Qc7 17. Kh1 Rfd8 18. Bb5 Rxd1+ 19. Rxd1 Qxc2 20.
Nc1 Qxd1+ {White resigns} 0-1

[Event "ICC Open 2015"]
[Site "Internet Chess Club"]
[Date "2015.05.30"]
[Round "5"]
[White "Blondicheck"]
[Black "haimw"]
[Result "0-1"]
[ICCResult "White checkmated"]
[WhiteElo "1585"]
[BlackElo "1887"]
[Opening "King's Indian: 5.Nf3"]
[ECO "E90"]
[NIC "KI.21"]
[Time "19:42:24"]
[TimeControl "180+0"]

1. e4 d6 2. Nf3 g6 3. d4 Bg7 4. c4 Nf6 5. Nc3 O-O 6. Bd3 c5 7. dxc5 dxc5 8.
O-O Nc6 9. Be3 Nd4 10. Bxd4 cxd4 11. Nd5 Nxd5 12. exd5 e5 13. Re1 Re8 14.
Qc2 f5 15. Bf1 e4 16. Nd2 d3 17. Qa4 Bxb2 18. Rab1 Bc3 19. Rbd1 Bd7 20. Qb3
Qa5 21. Qxb7 Bxd2 22. Qxd7 Bxe1 23. Bxd3 exd3 24. Rxd3 Bxf2+ 25. Kxf2 Qe1+
26. Kf3 Qe2+ 27. Kf4 Qg4# {White checkmated} 0-1

[Event "ICC Open 2015"]
[Site "Internet Chess Club"]
[Date "2015.05.30"]
[Round "5"]
[White "HematiteBrown"]
[Black "ncc-1701"]
[Result "1-0"]
[ICCResult "Black resigns"]
[WhiteElo "2223"]
[BlackElo "2011"]
[Opening "Sicilian: dragon, Yugoslav attack, Rauser variation"]
[ECO "B76"]
[NIC "SI.17"]
[Time "19:42:54"]
[TimeControl "180+0"]

1. e4 c5 2. Nf3 d6 3. d4 cxd4 4. Nxd4 Nf6 5. Nc3 g6 6. Be3 Bg7 7. f3 Nc6 8.
Qd2 O-O 9. O-O-O a6 10. g4 Nxd4 11. Bxd4 Be6 12. Kb1 Rc8 13. h4 b5 14. h5 b4
15. Nd5 Bxd5 16. exd5 Qc7 17. hxg6 fxg6 18. Bd3 a5 19. Qh2 h6 20. Bxg6 Qc4
21. g5 Nxd5 22. Bxg7 Nc3+ 23. Bxc3 bxc3 24. Qxh6 {Black resigns} 1-0

[Event "ICC Open 2015"]
[Site "Internet Chess Club"]
[Date "2015.05.30"]
[Round "5"]
[White "alico"]
[Black "daddyo"]
[Result "0-1"]
[ICCResult "White resigns"]
[WhiteElo "1322"]
[BlackElo "1462"]
[Opening "Robatsch (modern) defense"]
[ECO "B06"]
[NIC "KF.05"]
[Time "19:43:30"]
[TimeControl "180+0"]

1. e4 g6 2. d4 Bg7 3. Nf3 Nc6 4. c4 e6 5. e5 Nge7 6. Nc3 d5 7. exd6 Qxd6 8.
Be3 O-O 9. Be2 a6 10. O-O Nf5 11. Qb3 Nxe3 12. fxe3 Na5 13. Qc2 Qc6 14. b4
Nxc4 15. Bxc4 Qxc4 16. Ne5 Bxe5 17. dxe5 c5 18. Ne4 Qxc2 19. Nf6+ Kg7 20.
Rf3 cxb4 21. Rg3 Qc3 22. Nh5+ Kh8 23. Nf6 Qxa1+ 24. Kf2 Qxe5 25. Nxh7 Kxh7
26. Rh3+ Kg7 {White resigns} 0-1

[Event "ICC Open 2015"]
[Site "Internet Chess Club"]
[Date "2015.05.30"]
[Round "5"]
[White "EGK"]
[Black "nihil95"]
[Result "1-0"]
[ICCResult "Black checkmated"]
[WhiteElo "2109"]
[BlackElo "1813"]
[Opening "Robatsch defense: two knights, Suttles variation"]
[ECO "B07"]
[NIC "QO.17"]
[Time "19:42:23"]
[TimeControl "180+0"]

1. d4 d6 2. e4 c6 3. Nc3 g6 4. Nf3 Bg7 5. Be3 Qc7 6. Qd2 e5 7. dxe5 dxe5 8.
Bc4 Nf6 9. O-O-O O-O 10. Bh6 b5 11. Bd3 a5 12. Bxg7 Kxg7 13. h4 Na6 14. h5
Nb4 15. hxg6 fxg6 16. Qh6+ Kg8 17. Ng5 Nxd3+ 18. Rxd3 b4 19. Na4 Ba6 20. Rg3
Qe7 21. Nxh7 Qxh7 22. Rxg6+ Kh8 23. Rxf6 Rxf6 24. Qxh7# {Black checkmated}
1-0

[Event "ICC Open 2015"]
[Site "Internet Chess Club"]
[Date "2015.05.30"]
[Round "5"]
[White "MarzipanCat"]
[Black "VictorRed"]
[Result "1-0"]
[ICCResult "Black resigns"]
[WhiteElo "2222"]
[BlackElo "1821"]
[Opening "QGD Slav defense"]
[ECO "D10"]
[NIC "SL.01"]
[Time "19:42:36"]
[TimeControl "180+0"]

1. d4 d5 2. c4 c6 3. Nc3 Nf6 4. cxd5 cxd5 5. Bf4 Bd7 6. e3 e6 7. Nf3 Bb4 8.
Rc1 Nc6 9. a3 Ba5 10. b4 Bc7 11. Bxc7 Qxc7 12. b5 Ne7 13. Bd3 Qa5 14. Qb3
O-O 15. O-O Rac8 16. Rc2 Rc7 17. Rfc1 Rfc8 18. Ne5 Be8 19. f3 Nd7 20. f4
Nxe5 21. fxe5 a6 22. bxa6 bxa6 23. h4 h6 24. Ne2 Ba4 25. Rxc7 Bxb3 26. Rxc8+
{Black resigns}
1-0

[Event "ICC Open 2015"]
[Site "Internet Chess Club"]
[Date "2015.05.30"]
[Round "5"]
[White "ROWLAND"]
[Black "blackmiura"]
[Result "0-1"]
[ICCResult "White checkmated"]
[WhiteElo "1684"]
[BlackElo "1837"]
[Opening "Sicilian, Chekhover variation"]
[ECO "B53"]
[NIC "SI.02"]
[Time "19:42:45"]
[TimeControl "180+0"]

1. e4 c5 2. Nf3 d6 3. d4 cxd4 4. Qxd4 Nf6 5. Bg5 Nc6 6. Bb5 Bd7 7. Bxc6 Bxc6
8. Nc3 h6 9. Bxf6 gxf6 10. O-O-O Rc8 11. Nh4 Bd7 12. Nd5 Be6 13. Nf5 Bxd5
14. exd5 Qc7 15. c3 Qc5 16. Qe4 b5 17. Rhe1 Rc7 18. Rd4 Rg8 19. g3 Rg5 20.
Qf4 Rxf5 21. Qxf5 Qxd4 22. Kb1 Qd2 23. Qe4 b4 24. Rc1 bxc3 25. Rxc3 Qd1+ 26.
Rc1 Qxc1# {White checkmated} 0-1

[Event "ICC Open 2015"]
[Site "Internet Chess Club"]
[Date "2015.05.30"]
[Round "5"]
[White "truufseir"]
[Black "DroolingBaby"]
[Result "0-1"]
[ICCResult "White checkmated"]
[WhiteElo "1653"]
[BlackElo "2141"]
[Opening "KP: Nimzovich defense"]
[ECO "B00"]
[NIC "VO.04"]
[Time "19:42:00"]
[TimeControl "180+0"]

1. e4 Nc6 2. d4 e5 3. d5 Nce7 4. Nf3 Ng6 5. Bg5 f6 6. Be3 Bb4+ 7. c3 Ba5 8.
Na3 Bb6 9. Nc4 Bxe3 10. Nxe3 d6 11. h4 N8e7 12. h5 Nf8 13. h6 g6 14. Qb3 a6
15. O-O-O b5 16. Qa3 Nd7 17. Bxb5 O-O 18. Bc6 Rb8 19. Rh2 Nc5 20. Nd2 Nd3+
21. Kc2 Nxf2 22. Rf1 Ng4 23. Nxg4 Bxg4 24. Rf2 f5 25. exf5 Nxf5 26. Nf3 e4
27. Nd4 Nxd4+ 28. cxd4 Rxf2+ 29. Kc3 Qg5 30. Kc4 Rc2+ 31. Qc3 Be2#
{White checkmated}
0-1